 Seeded DCSS version 0.31-a0-75-g6fe912e8c5 (webtiles) character file.

Game seed: 12735965570273765983 (custom seed)

1311 Pimp the Sneak (level 8, 0/54 HPs)
             Began as an Octopode Venom Mage on May 23, 2023.
             Was an Initiate of Gozag.
             Shot with an arrow by a centaur (15 damage)
             ... on level 6 of the Dungeon.
             The game lasted 00:10:51 (4183 turns).

Pimp the Sneak (Octopode Venom Mage)                Turns: 4183, Time: 00:10:52

Health: 0/54       AC:  2    Str: 10    XL:     8   Next: 58%
Magic:  14/22      EV: 20    Int: 18    God:    Gozag
Gold:   245        SH:  0    Dex: 19    Spells: 6/14 levels left

rFire   . . .        b - +1 quick blade (drain)
rCold   . . .        (no shield)
rNeg    . . .        (helmet restricted)
rPois   .            (no amulet)
rElec   .            d - ring of Untruth {+Blink rCorr Str+3 Dex+5 Slay+4}
rCorr   +            f - +5 ring of evasion
SInv    .            D - +4 ring of slaying
Will    +....        m - ring of magical power
Stlth   +++++        (no ring)
HPRegen 0.29/turn    (no ring)
MPRegen 0.18/turn    (no ring)
                     (no ring)

%: no passive effects
@: gold aura, studying Shields
A: almost no armour, amphibious, 8 rings, camouflage 2, gelatinous body 1,
(nimble swimmer 1), tentacles, strong-willed 1, shaggy fur 1
a: Renounce Religion, Evoke Blink, Potion Petition, Call Merchant, Bribe Branch


You were on level 6 of the Dungeon.
You worshipped Gozag.
Gozag was aware of your devotion.
You visited 2 branches of the dungeon, and saw 7 of its levels.
You also visited: Ossuary.

You collected 297 gold pieces.
You paid 52 gold pieces to Gozag.

Inventory:

Hand Weapons
 b - a +1 quick blade of draining (weapon)
Jewellery
 d - the ring of Untruth (left tentacle) {+Blink rCorr Str+3 Dex+5 Slay+4}
   (You acquired it on level 1 of the Dungeon)

   [ring of slaying]

   Str:       It affects your strength (+3).
   Dex:       It affects your dexterity (+5).
   Slay:      It affects your accuracy & damage with ranged weapons and melee
   (+4).
   +Blink:    It lets you blink.
   rCorr:     It protects you from acid and corrosion.
 f - a +5 ring of evasion (right tentacle)
 m - a ring of magical power (on tentacle)
 n - an amulet of the acrobat
 D - a +4 ring of slaying (on tentacle)
Wands
 y - a wand of light (9)
 A - a wand of paralysis (11)
Scrolls
 c - a scroll of blinking
 o - a scroll of amnesia {unknown}
 p - a scroll of enchant weapon {unknown}
 s - a scroll of teleportation {unknown}
 t - a scroll of fear {unknown}
 u - a scroll of torment {unknown}
 w - 2 scrolls of fog {unknown}
 C - a scroll of enchant armour {unknown}
Potions
 a - a potion of magic
 e - 2 potions of brilliance {unknown}
 g - 8 potions of degeneration
 h - 2 potions of berserk rage {unknown}
 i - 3 potions of curing {unknown}
 j - a potion of mutation
 k - a potion of attraction {unknown}
 l - a potion of ambrosia {unknown}
 q - 2 potions of resistance
 r - a potion of haste {unknown}
 v - a potion of might {unknown}
 x - a potion of enlightenment {unknown}
 z - 2 potions of heal wounds {unknown}
 B - a potion of cancellation {unknown}


   Skills:
 + Level 3.7 Fighting
 + Level 3.6 Short Blades
 * Level 4.2 Dodging
 - Level 6.0 Stealth
 + Level 3.8 Spellcasting
 + Level 3.7 Transmutations
 + Level 5.8 Poison Magic


You had 6 spell levels left.
You knew the following spells:

 Your Spells              Type           Power      Damage    Failure   Level
a - Sting                 Tmut/Pois      72%        1d6       2%          1
b - Olgreb's Toxic Radia  Pois           24%        N/A       14%         4
c - Mephitic Cloud        Conj/Pois/Air  8%         N/A       26%         3

Your spell library contained the following spells:

 Spells                   Type           Power      Damage    Failure   Level
 Poisonous Vapours        Pois/Air       24%        N/A       9%          2


Dungeon Overview and Level Annotations

Branches:
Dungeon (6/15)             Temple (1/1) D:5         Ossuary (visited)

Altars:
Ashenzari
Cheibriados
Dithmenos
Fedhas
Gozag
Hepliaklqana
Makhleb
Okawaru
Qazlal
Ru
Sif Muna
Trog
Uskayaw
Vehumet
Wu Jian
Xom
Yredelemnul
Zin

Shops:
D:3 ?   D:4 =


Innate Abilities, Weirdness & Mutations

You cannot wear most types of armour.
You are amphibious.
You can wear up to eight rings at the same time.
Your skin blends seamlessly with your surroundings (Stealth++).
Your rubbery body absorbs attacks. (AC +1, EV +1)
((You are camouflaged when in or above water. (Stealth+)))
You have tentacles for arms and can constrict up to eight enemies at once.
You are strong-willed. (Will+)
You are covered in fur. (AC +1)


Message History

The white imp attacks as you move away! The white imp misses you.
The gnoll is distracted by your dazzling golden aura.
You hit the gnoll. You drain the gnoll. You grab the gnoll. You hit the gnoll.
You kill the gnoll!
The gnoll is no longer distracted by gold.
The centaur shoots an arrow.
The arrow hits you!
The centaur shoots an arrow.
The arrow closely misses you. The white imp gestures at you.
The puff of frost misses you.
Casting: Mephitic Cloud (dangerous; 26% risk of failure)
Confirm with . or Enter, or press ? or * to list all spells.
You begin to radiate toxic energy.
The centaur is poisoned.
The gnoll is poisoned.
The centaur looks even sicker.
The centaur shoots an arrow.
The arrow closely misses you.
You barely miss the white imp. Your grab misses the white imp.
You closely miss the white imp. You grab the white imp.
You squeeze the white imp.
The white imp is lightly wounded.
Your toxic aura wanes.
You constrict the white imp.
The centaur is distracted by your dazzling golden aura.
The white imp gestures at you. The puff of frost misses you.
Casting: Olgreb's Toxic Radiance (dangerous; 14% risk of failure)
Confirm with . or Enter, or press ? or * to list all spells.
You begin to radiate toxic energy.
The centaur is no longer distracted by gold.
The centaur looks even sicker.
The gnoll looks even sicker.
The gnoll is poisoned.
The centaur looks as sick as possible!
The gnoll looks even sicker.
You constrict the white imp. The white imp hits you. The white imp freezes you.
* * * LOW HITPOINT WARNING * * *
You hit the white imp. You squeeze the white imp.
You kill the white imp!
The gnoll looks even sicker. x2
Your toxic aura wanes.
The centaur shoots an arrow.
The arrow completely misses you.
The centaur shoots an arrow.
The arrow hits you!
You die...
Your body crumbles into a pile of gold.

# #
###.########.##.#
.......<..c.....#
###...###.######
#....@$g....>#
#.#.###g.....#
#.. g........ #.
#g.....## #
#......# #.##.###
..# .. ## ..


You could see a centaur (extremely poisoned) and 2 gnolls.

Vanquished Creatures
  A troll (D:5)
  An ice beast (D:5)
  A centaur (D:5)
  A phantom (D:5)
  An elf zombie (D:4)
  A scorpion (D:5)
  A centaur zombie (D:4)
  4 hounds
  2 jellies (D:4)
  A sleepcap (D:5)
  A human zombie (D:4)
  Jessica (D:2)
  A human skeleton (D:4)
  4 iguanas
  2 orc wizards
  4 mummies (Ossuary)
  A gnoll (D:6)
  4 adders
  A shadow imp (D:5)
  A white imp (D:6)
  An ufetubus (D:4)
  An adder zombie (D:4)
  4 worms (D:2)
  5 dart slugs
  8 orcs
  7 endoplasms
  A giant cockroach (D:3)
  2 gnoll zombies (Ossuary)
  5 goblins
  10 hobgoblins
  7 jackals
  6 kobolds
  4 quokkas
  8 ball pythons
  4 bats
  3 frilled lizards
  2 hobgoblin zombies (Ossuary)
  3 kobold zombies (Ossuary)
  3 orc skeletons (D:4)
  An orc zombie (Ossuary)
  4 rats
123 creatures vanquished.

Notes
Turn   | Place    | Note
-------+----------+-------------------------------------------
     0 | D:1      | Pimp the Octopode Venom Mage began the quest for the Orb.
     0 | D:1      | Reached XP level 1. HP: 11/11 MP: 3/3
    31 | D:1      | Identified 2 scrolls of acquirement
    31 | D:1      | Acquired the ring of Untruth {+Blink rCorr Str+3 Dex+5
                  | Slay+4}
    33 | D:1      | Acquired a +1 quick blade of draining
    54 | D:1      | Reached XP level 2. HP: 6/17 MP: 1/5
   119 | D:1      | You fall into a shaft and drop 1 floor!
   167 | D:1      | Reached skill level 3 in Stealth
   256 | D:1      | Reached XP level 3. HP: 22/22 MP: 6/6
   283 | D:1      | Reached skill level 1 in Fighting
   781 | D:2      | Reached skill level 1 in Short Blades
   793 | D:2      | Noticed Jessica
   800 | D:2      | Killed Jessica
   801 | D:2      | Reached XP level 4. HP: 19/28 MP: 7/7
  1137 | D:2      | Found an opulent altar of Gozag.
  1214 | D:3      | Found Liryusam's Magic Scroll Emporium.
  1283 | D:3      | Reached XP level 5. HP: 34/34 MP: 8/8
  1683 | D:4      | Reached skill level 4 in Stealth
  1694 | D:4      | Found a sand-covered staircase.
  1736 | Ossuary  | Entered an ossuary
  1739 | Ossuary  | Gained mutation: Your body sometimes deteriorates upon
                  | taking damage. [potion of mutation]
  1739 | Ossuary  | Gained mutation: Your flesh is heat resistant. (rF+)
                  | [potion of mutation]
  1739 | Ossuary  | Gained mutation: You are partially covered in large bone
                  | plates. (SH +4) [potion of mutation]
  1739 | Ossuary  | Gained mutation: You are robust. (+10% HP) [potion of
                  | mutation]
  1818 | Ossuary  | Reached XP level 6. HP: 42/42 MP: 9/9
  2073 | D:4      | Found a shadowy altar of Dithmenos.
  2178 | D:4      | Found a hazy altar of Hepliaklqana.
  2178 | D:4      | Found a blossoming altar of Fedhas.
  2234 | D:4      | Reached XP level 7. HP: 48/49 MP: 11/11
  2241 | D:4      | Found a radiant altar of Vehumet.
  2453 | D:4      | Found Elafyh's Jewellery Emporium.
  2565 | D:4      | Found a basalt altar of Yredelemnul.
  2883 | D:5      | Entered Level 5 of the Dungeon
  2910 | D:5      | Reached skill level 5 in Stealth
  2910 | D:5      | Reached skill level 5 in Poison Magic
  3046 | D:5      | Noticed a troll
  3066 | D:4      | Learned a level 4 spell: Olgreb's Toxic Radiance
  3070 | D:4      | Learned a level 3 spell: Mephitic Cloud
  3074 | D:4      | Lost mutation: You are robust. (+10% HP) [potion of
                  | mutation]
  3074 | D:4      | Lost mutation: Your body sometimes deteriorates upon taking
                  | damage. [potion of mutation]
  3074 | D:4      | Lost mutation: Your flesh is heat resistant. (rF+) [potion
                  | of mutation]
  3074 | D:4      | Gained mutation: Your spells are a little easier to cast,
                  | but a little less powerful. [potion of mutation]
  3074 | D:4      | Gained mutation: Your magical capacity is low. (-10% MP)
                  | [potion of mutation]
  3074 | D:4      | Gained mutation: You are vulnerable to cold. (rC-) [potion
                  | of mutation]
  3075 | D:4      | Lost mutation: Your spells are a little easier to cast, but
                  | a little less powerful. [potion of mutation]
  3075 | D:4      | Lost mutation: Your magical capacity is low. (-10% MP)
                  | [potion of mutation]
  3075 | D:4      | Gained mutation: You are occasionally teleported next to
                  | monsters. [potion of mutation]
  3076 | D:4      | Lost mutation: You are occasionally teleported next to
                  | monsters. [potion of mutation]
  3076 | D:4      | Lost mutation: You are vulnerable to cold. (rC-) [potion of
                  | mutation]
  3076 | D:4      | Gained mutation: You are clumsy. (Dex -2) [potion of
                  | mutation]
  3077 | D:4      | Lost mutation: You are clumsy. (Dex -2) [potion of
                  | mutation]
  3077 | D:4      | Lost mutation: You are partially covered in large bone
                  | plates. (SH +4) [potion of mutation]
  3077 | D:4      | Gained mutation: Your skin blends seamlessly with your
                  | surroundings (Stealth++). [potion of mutation]
  3077 | D:4      | Gained mutation: You are strong-willed. (Will+) [potion of
                  | mutation]
  3077 | D:4      | Gained mutation: You are covered in fur. (AC +1) [potion of
                  | mutation]
  3317 | D:5      | Found a staircase to the Ecumenical Temple.
  3326 | Temple   | Entered the Ecumenical Temple
  3414 | Temple   | Became a worshipper of Gozag Ym Sagoz the Greedy
  3545 | D:5      | Found a hide-covered altar of Uskayaw.
  3550 | D:5      | Reached XP level 8. HP: 52/52 MP: 13/13
  3587 | D:5      | Found an ornate altar of the Wu Jian Council.
  3625 | D:5      | Killed a troll
  4108 | D:5      | Reached skill level 6 in Stealth
  4183 | D:6      | Shot with an arrow by a centaur

Illustrated notes

Levels and vault maps discovered:
D:1:      dpeg_arrival_long_road, layout_loops_cross, hex_tiny
D:2:      layout_rooms, basic_altar, uniq_jessica
D:3:      layout_rooms, serial_shops, shop, st_stairs_8, grunt_ministairs_10
D:4:      layout_basic, vehumet_crystals, lemuel_zombie_altar_yredelemnul,
          nicolae_dithmenos_shadow_blocks, nicolae_overflow_two_pavilions,
          serial_shops, kennysheep_mini, nicolae_ossuary_entry_catacombs
D:5:      layout_basic, nicolae_uskayaw_suspiria, mainiacjoe_overflow_boulevard,
          minmay_temple_entry_slanted, minmay_manual_monstrance
D:6:      layout_loops_ring, ebering_ghost_sewer_f
Temple:   jpeg_temple_clearing

Skill      XL: |  1  2  3  4  5  6  7  8 |
---------------+-------------------------+-----
Stealth        | 3 4 5 6 |  6.0
Fighting       | 1 2 3 |  3.7
Short Blades   | 1 2 3 |  3.6
Poison Magic   | 4 5 |  5.8
Transmutations | 2 3 |  3.7
Dodging        | 3 4 |  4.2
Spellcasting   | 3 |  3.8

Action                     |  1- 3 |  4- 6 |  7- 9 || total
---------------------------+-------+-------+-------++-------
  Melee: Quick blade       |    41 |   108 |    90 ||   239
         Constrict         |     9 |    23 |    15 ||    47
         Tentacles         |     4 |    26 |    20 ||    50
         Punch             |     1 |     2 |     1 ||     4
   Cast: Sting             |     3 |       |       ||     3
         Olgreb's Toxic Ra |       |       |     2 ||     2
         Mephitic Cloud    |       |       |     1 ||     1
    Use: Scroll            |     2 |     2 |     2 ||     6
         Potion            |       |     1 |     4 ||     5
   Stab: Sleeping          |     9 |    22 |     5 ||    36
         Distracted        |       |     1 |     1 ||     2
         Confused          |       |       |     1 ||     1
 Armour: Skin              |       |       |     2 ||     2
  Dodge: Dodged            |    20 |    33 |    39 ||    92
  Block: Other             |       |     3 |     4 ||     7

Table legend: (Time is in decaauts)
 A = Elapsed time spent in this place.
 B = Non-inter-level travel time spent in this place.
 C = Inter-level travel time spent in this place.
 D = Time resting spent in this place.
 E = Time spent auto-exploring this place.
 F = Levels seen in this place.
 G = Mean time per level.
                   A        B        C        D        E       F      G
               +--------+--------+--------+--------+--------+-----+--------+
         Total |   4196 |   3933 |    263 |    289 |   2645 |   8 |  524.5 |
       Dungeon |   3842 |   3587 |    255 |    289 |   2423 |   6 |  640.3 |
        Temple |     99 |     91 |      8 |      0 |     67 |   1 |   99.0 |
       Ossuary |    254 |    254 |      0 |      0 |    155 |   1 |  254.0 |
               +--------+--------+--------+--------+--------+-----+--------+

Top non-repeatable levels by time:
     D:4: 1184 daAuts
     D:5: 993 daAuts
     D:1: 740 daAuts
     D:2: 474 daAuts
     D:3: 440 daAuts
 Ossuary: 254 daAuts
  Temple: 99 daAuts
     D:6: 8 daAuts
